 Dungeon Crawl Stone Soup version 0.29-a0-369-gd956c00756 (webtiles) character file.

Game seed: 3447131016055118719

725 YayAnonymity the Basher (level 7, -10/56 HPs)
             Began as a Minotaur Gladiator on May 2, 2022.
             Mangled by an ogre
             ... wielding a +0 giant club
              (18 damage)
             ... on level 5 of the Dungeon.
             The game lasted 00:05:46 (4082 turns).

YayAnonymity the Basher (Minotaur Gladiator)        Turns: 4082, Time: 00:05:47

Health: -10/56     AC:  6    Str: 20    XL:     7   Next: 43%
Magic:  6/6        EV:  8    Int:  5    God:
Gold:   120        SH:  0    Dex: 12    Spells: 6/6 levels left

rFire   . . .      SeeInvis .   m - +2 hand axe (elec)
rCold   . . .      Faith    .   (no shield)
rNeg    . . .      Spirit   .   u - +0 chain mail
rPois   .          Reflect  .   c - +0 hat
rElec   .          Harm     .   v - +1 cloak
rCorr   .          Rampage  .   (no gloves)
Will    .....                   (no boots)
Stlth   ..........              b - amulet of the acrobat
HPRegen 0.18/turn               (no ring)
MPRegen 0.10/turn               (no ring)

@: mighty, lethally poisoned (-10 -> -12), weak-willed, corroded
A: horns 2, retaliatory headbutt
a: no special abilities


You were on level 5 of the Dungeon.
You visited 1 branch of the dungeon, and saw 5 of its levels.
You also visited: Ossuary.

You collected 120 gold pieces.

Inventory:

Hand Weapons
 a - a +0 flail
 g - a +0 battleaxe
 m - a +2 hand axe of electrocution (weapon)
Missiles
 d - 3 throwing nets (quivered)
 e - a javelin
Armour
 c - a +0 hat (worn)
 u - a +0 chain mail (worn)
 v - a +1 cloak (worn)
Jewellery
 b - an amulet of the acrobat (around neck)
Wands
 n - a wand of polymorph (5)
 o - a wand of iceblast (10)
 t - a wand of acid (13)
Scrolls
 f - a scroll of teleportation
 i - a scroll of torment
 j - a scroll of enchant armour
 l - a scroll of blinking
 p - a scroll of immolation
 w - 2 scrolls of identify
Potions
 h - a potion of haste {unknown}
 k - 4 potions of attraction
 s - a potion of curing {unknown}
 z - a potion of flight {unknown}
 A - a potion of heal wounds {unknown}


   Skills:
 - Level 2.4 Fighting
 + Level 10.5 Maces & Flails
 - Level 2.0 Throwing
 - Level 3.2 Dodging


You had 6 spell levels left.
You didn't know any spells.
Your spell library contained the following spells:

 Spells                   Type           Power      Damage    Failure   Level
 Beastly Appendage        Tmut           0%         N/A       100%        1
 Wereblood                Tmut           0%         N/A       100%        2
 Spider Form              Tmut/Pois      0%         N/A       100%        3
 Alistair's Intoxication  Tmut/Pois      0%         N/A       100%        5
 Borgnjor's Vile Clutch   Necr/Erth      0%         N/A       100%        5
 Eringya's Noxious Bog    Tmut/Pois      0%         N/A       100%        6


Dungeon Overview and Level Annotations

Branches:
Dungeon (5/15)            Ossuary (visited)
 Temple: D:4-7

Altars:

Shops:
D:1 (


Innate Abilities, Weirdness & Mutations

You have a pair of horns on your head.
You reflexively headbutt those who attack you in melee.


Message History

The scorpion stings you but does no damage.
You closely miss Blork the orc.
Blork the orc is moderately wounded.
You hit the scorpion. You hit the ogre.
You feel sick.
Blork the orc hits you with a +0 scimitar.
The white imp gestures at you. The puff of frost misses you.
The puff of frost hits Blork the orc!
The scorpion stings you but does no damage.
You hit Blork the orc. Your headbutt misses Blork the orc.
Blork the orc is almost dead.
You hit the ogre. You hit the scorpion but do no damage.
You feel sick. Blork the orc barely misses you. The ogre closely misses you.
The scorpion stings you but does no damage.
You hit Blork the orc.
You kill Blork the orc!
You hit the scorpion but do no damage. You hit the white imp.
You completely miss the ogre.
You feel sick.
The scorpion stings you but does no damage.
The white imp hits you but does no damage.
The ogre hits you with a +0 giant club!!
* * * LOW HITPOINT WARNING * * *
You feel very mighty all of a sudden.
You feel sick.
The scorpion stings you but does no damage.
The jelly barely misses you.
An orc comes into view. It is wielding a +0 club.
The white imp barely misses you.
The scorpion stings you but does no damage.
The orc shouts!
You slash the ogre! You headbutt the ogre!
The ogre is almost dead.
You barely miss the ogre. You closely miss the white imp.
You hit the scorpion but do no damage. You hit the jelly.
The acid corrodes you!
Your hands burn!
* * * LOW HITPOINT WARNING * * *
You feel sick.
You hear a shout!
An orc warrior comes into view. It is wielding a +0 halberd.
The ogre hits you with a +0 giant club!!
You die...

,,,,,,* ****,,>,,,,,,,,,,,,,,
,,,,,,* #**,,,,**********,,,,*,
,,,,,,#####.,,**** *,.,,*,****,
,,,**,......##########..,,*,* *,
,,,*,,.................o,,,,*****
,,,,,**#)...............,,*,,,,,*
,,,,,,,#####.........#..,,,,,,,,,
,,,,,,,..........5.....o,,,,,,,,*
,,,***,.####...s@Ol#...,,,*****,*
,,,* **,* #...JO....#,,,,*** *,*
,,,****,***###......##,,,,,,***,,
,,,,,,,,,,,,...####.#*,,,,,,,,*,,
******,,,,,..<..,,,.#*,,,,,,,,,,,
******,,,*##....,,,,.,....,,,,,,,
,,,,,,,,,,,....******#.....,,,*..
**,,,,,,,,....,*******......,,*..
,,,***,,,,,,,,,,,,,,,,,.....,,*..


You could see an orc warrior (wandering), 2 ogres, a scorpion, an iguana, a
jelly, a white imp and an orc.

Vanquished Creatures
  An ogre (D:4)
  A phantom (D:5)
  Blork the orc (D:5)
  A necrophage (D:4)
  A scorpion (D:4)
  2 water moccasin zombies (Ossuary)
  Crazy Yiuf (D:3)
  Ijyb (D:3)
  Terence (D:2)
  2 mummies (Ossuary)
  Robin (D:3)
  6 adders
  7 adder zombies (Ossuary)
  A worm (D:5)
  3 dart slugs (D:1)
  8 orcs
  7 bats
  4 endoplasms
  3 giant cockroaches
  14 goblins
  5 hobgoblins
  2 jackals (D:1)
  4 quokkas
  3 ball pythons
  A frilled lizard (D:3)
  3 gnoll zombies (Ossuary)
  3 hobgoblin zombies (Ossuary)
  7 kobolds
  5 kobold zombies (Ossuary)
  2 orc zombies (Ossuary)
  A rat (D:1)
102 creatures vanquished.

Notes
Turn   | Place    | Note
-------+----------+-------------------------------------------
     0 | D:1      | YayAnonymity the Minotaur Gladiator began the quest for the
                  | Orb.
     0 | D:1      | Reached XP level 1. HP: 18/18 MP: 0/0
   220 | D:1      | Reached skill level 4 in Maces & Flails
   256 | D:1      | Reached XP level 2. HP: 22/25 MP: 1/1
   761 | D:1      | Reached skill level 5 in Maces & Flails
   795 | D:1      | Reached XP level 3. HP: 25/30 MP: 2/2
  1088 | D:1      | Found Byejep's Weapon Boutique.
  1407 | D:2      | Found a faded altar of an unknown god.
  1505 | D:2      | Noticed Terence
  1511 | D:2      | Killed Terence
  1512 | D:2      | Reached skill level 6 in Maces & Flails
  1512 | D:2      | Reached XP level 4. HP: 28/37 MP: 3/3
  2499 | D:3      | Noticed Robin
  2506 | D:3      | Reached XP level 5. HP: 30/42 MP: 4/4
  2513 | D:3      | Killed Robin
  2514 | D:3      | Reached skill level 7 in Maces & Flails
  2647 | D:3      | Found a runed translucent door.
  2648 | D:3      | Noticed Crazy Yiuf
  2750 | D:3      | Noticed Ijyb
  2754 | D:3      | Killed Ijyb
  3179 | D:3      | Killed Crazy Yiuf
  3316 | D:4      | Reached skill level 8 in Maces & Flails
  3316 | D:4      | Reached XP level 6. HP: 50/50 MP: 5/5
  3497 | D:4      | Reached skill level 9 in Maces & Flails
  3675 | D:5      | Entered Level 5 of the Dungeon
  3744 | D:5      | Found a sand-covered staircase.
  3749 | Ossuary  | Entered an ossuary
  3820 | Ossuary  | Reached XP level 7. HP: 45/56 MP: 6/6
  3947 | Ossuary  | Reached skill level 10 in Maces & Flails
  4071 | D:5      | Noticed Blork the orc
  4080 | D:5      | Killed Blork the orc
  4082 | D:5      | Mangled by an ogre

Illustrated notes

Levels and vault maps discovered:
D:1:      dpeg_arrival_circle_labyrinth_c, layout_basic, serial_shops,
          nicolae_shop_bloodbath_and_beyond
D:2:      layout_rooms, dreamdust_ecumenical_altar_statues, minmay_pentomino_s4,
          uniq_terence
D:3:      layout_rooms, uniq_ijyb, uniq_robin, uniq_crazy_yiuf_cottage
D:4:      layout_layer_cave
D:5:      layout_rooms, enter_ossuary_2, uniq_blork_the_orc

Skill      XL: |  1  2  3  4  5  6  7 |
---------------+----------------------+-----
Maces & Flails | 4 5 6 8 9 10 | 10.5
Fighting       | |  2.4
Throwing       | |  2.0
Dodging        | |  3.2

Action                   |  1- 3 |  4- 6 |  7- 9 || total
-------------------------+-------+-------+-------++-------
Melee: Flail             |     4 |       |       ||     4
       Battleaxe         |    43 |       |       ||    43
       Headbutt          |     6 |    18 |    13 ||    37
       Hand axe          |       |   115 |    56 ||   171
       Punch             |       |     1 |     2 ||     3
  Use: Scroll            |       |     9 |     3 ||    12
       Potion            |       |       |     1 ||     1
Armor: Leather armour    |    12 |       |       ||    12
       Scale mail        |       |    23 |       ||    23
       Chain mail        |       |    19 |    33 ||    52
Dodge: Dodged            |    39 |    70 |    29 ||   138

Table legend: (Time is in decaauts)
 A = Elapsed time spent in this place.
 B = Non-inter-level travel time spent in this place.
 C = Inter-level travel time spent in this place.
 D = Time resting spent in this place.
 E = Time spent auto-exploring this place.
 F = Levels seen in this place.
 G = Mean time per level.
                   A        B        C        D        E       F      G
               +--------+--------+--------+--------+--------+-----+--------+
         Total |   4115 |   4029 |     86 |    271 |   3085 |   6 |  685.8 |
       Dungeon |   3800 |   3714 |     86 |    271 |   2850 |   5 |  760.0 |
       Ossuary |    314 |    314 |      0 |      0 |    235 |   1 |  314.0 |
               +--------+--------+--------+--------+--------+-----+--------+

Top non-repeatable levels by time:
     D:1: 1379 daAuts
     D:3: 1327 daAuts
     D:2: 759 daAuts
 Ossuary: 314 daAuts
     D:4: 242 daAuts
     D:5: 92 daAuts
